 Dungeon Crawl Stone Soup version 0.29.0-4-gdea44cf6ec (webtiles) character file.

Game seed: 4099625923899902707

114 qw the Chopper (level 4, 0/26 HPs)
             Began as a Tengu Warper on Aug 28, 2022.
             Slain by Natasha (3 damage)
             ... on level 2 of the Dungeon.
             The game lasted 00:00:11 (2120 turns).

qw the Chopper (Tengu Warper)                       Turns: 2120, Time: 00:00:12

Health: 0/26       AC: 11    Str: 13    XL:     4   Next: 97%
Magic:  8/8        EV:  3    Int: 14    God:
Gold:   80         SH:  0    Dex: 13    Spells: 7/7 levels left

rFire   . . .      SeeInvis .   Y - +0 hand axe
rCold   . . .      Faith    .   (no shield)
rNeg    . . .      Spirit   .   j - +0 plate armour
rPois   .          Reflect  .   (helmet restricted)
rElec   .          Harm     .   (no cloak)
rCorr   .          Rampage  .   (no gloves)
Will    .....                   (boots unavailable)
Stlth   ..........              (no amulet)
HPRegen 0.08/turn               (no ring)
MPRegen 0.11/turn               (no ring)

@: slowed, very slow
A: beak, talons 3
a: no special abilities


You were on level 2 of the Dungeon.
You visited 1 branch of the dungeon, and saw 2 of its levels.

You collected 80 gold pieces.


Innate Abilities, Weirdness & Mutations

You have a beak for a mouth.
You have claws for feet.


   Skills:
 - Level 2.0 Fighting
 + Level 5.0 Axes
 - Level 1.0 Throwing
 - Level 2.3 Armour
 - Level 2.1 Dodging
 - Level 2.0 Spellcasting
 - Level 2.4 Translocations


You had 7 spell levels left.
You didn't know any spells.
Your spell library contained the following spells:

 Spells                   Type           Power      Damage    Failure   Level
 Blink                    Tloc           16%        N/A       100%        2
 Gell's Gravitas          Tloc           8%         N/A       100%        3
 Lesser Beckoning         Tloc           8%         N/A       100%        3
 Teleport Other           Tloc           8%         N/A       100%        3
 Manifold Assault         Tloc           8%         N/A       100%        5

Inventory:

Hand Weapons
 e - a +0 mace
 Y - a +0 hand axe (weapon)
Armour
 j - a +0 plate armour (worn)
Scrolls
 a - a scroll of immolation {unknown}
Potions
 b - a potion of berserk rage {unknown}
 c - a potion of heal wounds {unknown}
 d - a potion of haste {unknown}

Dungeon Overview and Level Annotations

Branches:
Dungeon (2/15)

Altars:

Annotations:
D:2 Natasha


Message History

Your Axes skill increases to level 5!
You hit the endoplasm. You peck the endoplasm.
The endoplasm is almost dead.
The endoplasm hits you but does no damage.
You hit the endoplasm.
You kill the endoplasm!
You start resting.
Natasha, Servant of Life and Death comes into view.
Natasha hisses angrily.
Natasha mumbles some strange words.
You feel troubled. Natasha claws you.
You barely miss Natasha. Your kick misses Natasha.
You peck Natasha, but do no damage. Natasha casts a spell at you.
You feel yourself slow down.
You barely miss Natasha. Natasha claws you but does no damage.
You hit Natasha.
Natasha is lightly wounded.
Natasha drinks a potion.
Natasha flickers and vanishes!
Deactivating autopickup; reactivate with Ctrl-A.
Something claws you.
You hit something but do no damage. You claw something. Something claws you.
You hear some strange, mumbled words.
A magic dart appears from out of thin air!
The magic dart hits you!
You hit something. Your punch misses something.
Something claws you but does no damage.
You miss something. Something claws you but does no damage.
Something claws you.
You closely miss something.
You hear some strange, mumbled words.
You feel as though you will be slow longer.
You barely miss something. Something completely misses you.
Something claws you but does no damage.
You barely miss something. Something claws you.
You die...

#.# #.......##...# ####.#
#.#...#.####.##########
...#.#
#.#.#.#.#.............[
.#.#.#
#.#.#.#...##.##########
.#.#.# #.#.#........# #..
<#.#.# ####.#.#..)######
#.. ...#.#
#....#.#..##############..
.###)#
#.####...>{.............##
.....#
#.#######@########........
######
#.........................
#########.########).......
###'### #....#).. #.....#
#.......# #.....##
#....#.## #......#
#....#... #......###
######### #........##


There were no monsters in sight!

Vanquished Creatures
  Natasha (twice) (D:2)
  A gnoll (D:1)
  3 dart slugs (D:1)
  4 ball pythons
  4 bats (D:1)
  6 endoplasms
  A giant cockroach (D:1)
  8 goblins
  3 hobgoblins (D:1)
  A jackal (D:1)
  3 kobolds
  A quokka (D:2)
  5 frilled lizards
  5 rats (D:1)
47 creatures vanquished.

Vanquished Creatures (others)
  8 plants (D:2)
8 creatures vanquished.

Grand Total: 55 creatures vanquished

Notes
Turn   | Place    | Note
-------+----------+-------------------------------------------
     0 | D:1      | qw the Tengu Warper began the quest for the Orb.
     0 | D:1      | Reached XP level 1. HP: 12/12 MP: 4/4
     0 | D:1      | 0 ||| qw: Version: 0.1-a-89-g26bdef1
     0 | D:1      | 0 ||| qw: Game counter: 141
     0 | D:1      | 0 ||| qw: Always use a shield: true
     0 | D:1      | 0 ||| qw: God list: Okawaru
     0 | D:1      | 0 ||| qw: Allow faded altars: false
     0 | D:1      | 0 ||| qw: Do Orc after D:15 true
     0 | D:1      | 0 ||| qw: Do second Lair branch before Depths: true
     0 | D:1      | 0 ||| qw: Lair rune preference: random
     0 | D:1      | 0 ||| qw: Plans: Normal
     0 | D:1      | 0 ||| PLANNING D:1-11
   193 | D:1      | Reached skill level 3 in Axes
   193 | D:1      | Reached XP level 2. HP: 13/17 MP: 6/6
   383 | D:1      | Reached XP level 3. HP: 20/21 MP: 7/7
   503 | D:1      | 503 ||| Stepping ~*~*~tactically~*~*~ (stealth).
   506 | D:1      | 506 ||| Stepping ~*~*~tactically~*~*~ (hiding).
   515 | D:1      | Reached skill level 4 in Axes
  1220 | D:1      | 1220 ||| UPGRADING to +0 plate armour.
  1230 | D:1      | 1230 ||| DROPPING +0 leather armour.
  1231 | D:1      | 1231 ||| READING scroll labelled WEECWA PALAMP.
  1232 | D:1      | 1232 ||| READING scroll labelled QELOGRE ERCHO.
  1233 | D:1      | 1233 ||| READING scroll labelled KENIDU GELY.
  1234 | D:1      | 1234 ||| READING scroll labelled ONGASUILLOXIM.
  1235 | D:1      | 1235 ||| DROPPING scroll of blinking.
  1357 | D:2      | Noticed Natasha
  1364 | D:2      | HP: 3/21 [white imp[Natasha] (4)]
  1365 | D:2      | Killed Natasha
  1366 | D:2      | Reached XP level 4. HP: 4/26 MP: 8/8
  1743 | D:2      | 1743 ||| FLEEEEING.
  1744 | D:2      | 1744 ||| FLEEEEING.
  1746 | D:2      | 1746 ||| FLEEEEING.
  1749 | D:2      | 1749 ||| FLEEEEING.
  1750 | D:2      | 1750 ||| FLEEEEING.
  1751 | D:2      | 1751 ||| FLEEEEING.
  1752 | D:2      | 1752 ||| FLEEEEING.
  1753 | D:2      | 1753 ||| FLEEEEING.
  1754 | D:2      | 1754 ||| FLEEEEING.
  1755 | D:2      | 1755 ||| FLEEEEING.
  1756 | D:2      | 1756 ||| FLEEEEING.
  1757 | D:2      | 1757 ||| FLEEEEING.
  1758 | D:2      | 1758 ||| FLEEEEING.
  1759 | D:2      | 1759 ||| FLEEEEING.
  1760 | D:2      | 1760 ||| FLEEEEING.
  1761 | D:2      | 1761 ||| FLEEEEING.
  1762 | D:2      | 1762 ||| FLEEEEING.
  1763 | D:2      | 1763 ||| FLEEEEING.
  1764 | D:2      | 1764 ||| FLEEEEING.
  1765 | D:2      | 1765 ||| FLEEEEING.
  1770 | D:2      | 1770 ||| FLEEEEING.
  1776 | D:2      | 1776 ||| FLEEEEING.
  1777 | D:2      | 1777 ||| FLEEEEING.
  1778 | D:2      | 1778 ||| FLEEEEING.
  1779 | D:2      | 1779 ||| FLEEEEING.
  1780 | D:2      | 1780 ||| FLEEEEING.
  1781 | D:2      | 1781 ||| FLEEEEING.
  1782 | D:2      | 1782 ||| FLEEEEING.
  1783 | D:2      | 1783 ||| FLEEEEING.
  2090 | D:2      | Noticed Natasha
  2091 | D:2      | 2091 ||| Stepping ~*~*~tactically~*~*~ (hiding).
  2101 | D:2      | Killed Natasha
  2102 | D:2      | Reached skill level 5 in Axes
  2110 | D:2      | Noticed Natasha
  2115 | D:2      | HP: 5/26 [something/magic dart (9)]
  2120 | D:2      | Slain by Natasha

Levels and vault maps discovered:
D:1:      psy_arrival_whirlpool, layout_basic, serial_bayou_pond_a,
          minmay_close_crescents
D:2:      layout_basic, chequers_ecumenical_altar_lobes, grunt_ministairs_15,
          uniq_natasha

Skill      XL: |  1  2  3  4 |
---------------+-------------+-----
Axes           | 3 4 5 |  5.0
Armour         | 2 |  2.3
Fighting       | |  2.0
Throwing       | |  1.0
Dodging        | |  2.1
Spellcasting   | |  2.0
Translocations | |  2.4

Action                   |  1- 3 |  4- 6 || total
-------------------------+-------+-------++-------
Melee: Hand axe          |    70 |    36 ||   106
       Kick              |    16 |     6 ||    22
       Peck              |    13 |     6 ||    19
Throw: Boomerang         |     7 |       ||     7
  Use: Scroll            |     4 |       ||     4
Armor: Leather armour    |    14 |       ||    14
       Plate armour      |     3 |    21 ||    24
Dodge: Dodged            |    29 |     6 ||    35

Table legend:
 A = Non-vault XP
 B = Vault XP
 C = Vault XP percentage of total XP
 D = Non-vault monster count
 E = Vault monster count
 F = Vault count percentage of total count
                 A         B        C        D         E       F
            +---------+---------+-------+---------+---------+-------
      Total |     118 |      45 |  27.6 |      41 |       6 |  12.8
            +---------+---------+-------+---------+---------+-------
        D:1 |      60 |      10 |  14.3 |      27 |       5 |  15.6
        D:2 |      58 |      35 |  37.6 |      14 |       1 |   6.7
            +---------+---------+-------+---------+---------+-------
